 Dungeon Crawl Stone Soup version 0.20-a0-208-g55166f7 (webtiles) character file.

994 tbh1313 the Cleaver (level 7, -3/56 HPs)
             Began as a Minotaur Gladiator on Nov 25, 2016.
             Was an Initiate of Okawaru.
             Killed by nerve-wracking pain
             ... invoked by an orc priest
              (4 damage)
             ... on level 5 of the Dungeon.
             The game lasted 00:08:13 (5257 turns).

tbh1313 the Cleaver (Minotaur Gladiator)            Turns: 5257, Time: 00:08:13

Health: -3/56      AC:  6    Str: 20    XL:     7   Next: 99%
Magic:  6/6        EV: 13    Int:  7    God:    Okawaru [......]
Gold:   196        SH:  4    Dex: 10    Spells: 6/6 levels left

rFire  . . .     SeeInvis .     a - +0 war axe
rCold  . . .     Gourm    .     b - +0 leather armour
rNeg   . . .     Faith    .     h - +0 buckler
rPois  .         Spirit   .     c - +0 hat
rElec  .         Reflect  .     r - +0 cloak
rCorr  .         Harm     .     (no gloves)
MR     .....                    e - +1 pair of boots {Fly}
Stlth  +.........               (no amulet)
                                (no ring)
                                (no ring)

@: flying
A: retaliatory headbutt, horns 2
a: Renounce Religion, Stop Flying


You were on level 5 of the Dungeon.
You worshipped Okawaru.
Okawaru was noncommittal.
You were hungry.

You visited 2 branches of the dungeon, and saw 6 of its levels.

You collected 196 gold pieces.

Inventory:

Hand Weapons
 a - a +0 war axe (weapon)
Missiles
 n - a throwing net (quivered)
Armour
 b - a +0 leather armour (worn)
 c - a +0 hat (worn)
 e - a +1 pair of boots of flying (worn)
 h - a +0 buckler (worn)
 m - a cursed +0 leather armour
 p - a +0 plate armour
 r - a +0 cloak (worn)
Scrolls
 g - 3 scrolls of enchant weapon {unknown}
 l - 2 scrolls of teleportation
 o - a scroll of fear {unknown}
 s - 3 scrolls of immolation {unknown}
 t - 2 scrolls of remove curse {unknown}
 v - 2 scrolls of noise {unknown}
Potions
 d - a potion of mutation
 i - a potion of resistance
 j - 2 potions of cure mutation
 k - a potion of brilliance
Comestibles
 f - 7 bread rations
 u - a meat ration
 w - 2 chunks of flesh


   Skills:
 - Level 2.4 Fighting
 * Level 9.6 Axes
 - Level 2.0 Throwing
 + Level 5.3 Dodging
 - Level 4.1 Shields


You had 6 spell levels left.
You didn't know any spells.

Dungeon Overview and Level Annotations

Branches:
Dungeon (5/15)             Temple (1/1) D:4

Altars:
Ashenzari
Cheibriados
Dithmenos
Elyvilon
Fedhas
Gozag
Hepliaklqana
Kikubaaqudgha
Makhleb
Nemelex Xobeh
Okawaru
Qazlal
Ru
Sif Muna
Trog
Uskayaw
Vehumet
Xom
Zin
The Shining One


Innate Abilities, Weirdness & Mutations

You reflexively headbutt those who attack you in melee.
You have a pair of horns on your head.


Message History

Beogh smites you!
A centaur comes into view.
You completely miss the orc priest.
The orc priest is almost dead.
You closely miss the iguana.
The centaur shouts!
The centaur wields a shortbow.
The centaur shoots an arrow.
The arrow hits you!
* * * LOW HITPOINT WARNING * * *
The iguana barely misses you.
The orc priest invokes the aid of Beogh against you.
Beogh smites you!
* * * LOW HITPOINT WARNING * * *
Okay, then.
Okay, then.
You feel better.
The centaur shoots an arrow.
The arrow hits you.
* * * LOW HITPOINT WARNING * * *
The iguana bites you but does no damage.
The orc priest mumbles some strange prayers to Beogh against you.
Pain shoots through your body!
You die...

####...## .........
#........ #.%......
#### #(.......
..... #........
####c.#####l)......
..........(@o.#
####....######
#.....##....# ..###
#....# ##...##
##...#### #.#....#
#.# #.####.## #.#
#.# ##).###..


You could see a centaur, an iguana and an orc priest.

Vanquished Creatures
  The ghost of TheSilverBeluga the Chopper, an amateur FoWr (D:3)
  Edmund (D:4)
  An ice beast (D:4)
  2 phantoms
  A scorpion (D:4)
  A bullfrog zombie (D:5)
  A hound (D:4)
  Crazy Yiuf (D:2)
  An orc priest (D:4)
  An orc wizard (D:3)
  Ijyb (D:2)
  Jessica (D:3)
  A worker ant (D:5)
  3 gnolls (D:2)
  2 adders
  2 worms
  2 dart slugs (D:1)
  2 leopard geckos
  12 orcs
  8 bats
  3 giant cockroaches
  7 goblins
  6 hobgoblins
  5 jackals
  A ball python skeleton (D:5)
  3 frilled lizards
  11 kobolds
  4 rats
85 creatures vanquished.

Notes
Turn   | Place    | Note
-------+----------+-------------------------------------------
     0 | D:1      | tbh1313 the Minotaur Gladiator began the quest for the Orb.
     0 | D:1      | Reached XP level 1. HP: 18/18 MP: 0/0
   262 | D:1      | Reached skill level 4 in Axes
   264 | D:1      | Reached XP level 2. HP: 25/25 MP: 1/1
   697 | D:1      | Reached XP level 3. HP: 27/30 MP: 2/2
  1134 | D:2      | Noticed Ijyb
  1147 | D:2      | Killed Ijyb
  1147 | D:2      | Reached skill level 5 in Axes
  1308 | D:2      | Found a blossoming altar of Fedhas.
  1320 | D:2      | Found a glowing golden altar of the Shining One.
  1408 | D:2      | Reached XP level 4. HP: 37/37 MP: 3/3
  1910 | D:2      | Found a runed door.
  2309 | D:2      | Noticed Crazy Yiuf
  2329 | D:2      | Killed Crazy Yiuf
  2704 | D:3      | Found a stormy altar of Qazlal.
  2708 | D:3      | Noticed TheSilverBeluga's ghost (amateur FoWr)
  3056 | D:3      | Reached XP level 5. HP: 42/42 MP: 4/4
  3081 | D:3      | Noticed Jessica
  3088 | D:3      | Killed Jessica
  3088 | D:3      | Reached skill level 6 in Axes
  3347 | D:3      | Killed TheSilverBeluga's ghost
  3347 | D:3      | Reached skill level 7 in Axes
  3347 | D:3      | Reached XP level 6. HP: 26/50 MP: 5/5
  3548 | D:3      | Found a glowing silver altar of Zin.
  4170 | D:4      | Noticed an ice beast
  4181 | D:4      | Killed an ice beast
  4181 | D:4      | Reached skill level 8 in Axes
  4181 | D:4      | Reached XP level 7. HP: 15/56 MP: 6/6
  4427 | D:4      | Noticed Edmund
  4443 | D:4      | Killed Edmund
  4682 | D:4      | Reached skill level 9 in Axes
  4682 | D:4      | Reached skill level 5 in Dodging
  4809 | D:4      | Found a staircase to the Ecumenical Temple.
  4947 | Temple   | Entered the Ecumenical Temple
  4953 | Temple   | Became a worshipper of Warmaster Okawaru
  5123 | D:5      | Entered Level 5 of the Dungeon
  5256 | D:5      | HP: 1/56 [orc priest/divine providence (12)]
  5257 | D:5      | Killed from afar by an orc priest

Vault maps used:
D:1:      evilmike_arrival_run_for_it, serial_glass, glass_columns_a,
          glass_columns_c, glass_columns_a, glass_columns_c, glass_columns_c,
          glass_columns_a, glass_columns_c, glass_columns_c, glass_columns_b,
          glass_columns_a
D:2:      overflow_temple_1_default, tso_metal_star, grunt_decor_arrowhead,
          grunt_ministairs_1, uniq_iyjb, uniq_crazy_yiuf_cottage
D:3:      zin_academy, lemuel_crystal_altar, uniq_jessica
D:4:      uniq_edmund
D:5:      basic_altar, first_bread, minmay_lizard_king
Temple:   eino_temple_rhombus

Skill      XL: |  1  2  3  4  5  6  7 |
---------------+----------------------+-----
Axes           | 4 5 7 8 9 |  9.6
Dodging        | 4 5 |  5.3
Shields        | 2 3 4 |  4.1
Fighting       | |  2.4
Throwing       | |  2.0

Action                   |  1- 3 |  4- 6 |  7- 9 || total
-------------------------+-------+-------+-------++-------
Melee: War axe           |    70 |   106 |    61 ||   237
       Headbutt          |    11 |    15 |    10 ||    36
Throw: Throwing net      |       |       |     3 ||     3
  Use: Scroll            |       |     6 |     1 ||     7
       Potion            |       |     3 |     1 ||     4
 Stab: Invisible         |       |     2 |       ||     2
       Held in net/web   |       |       |     1 ||     1
  Eat: Meat ration       |       |     2 |       ||     2
       Chunk             |       |     1 |     2 ||     3
Armor: Leather armour    |    24 |    18 |    12 ||    54
Dodge: Dodged            |    49 |    65 |    22 ||   136
Block: Buckler           |       |     4 |     5 ||     9
